 Dungeon Crawl Stone Soup version 0.27-a0-1200-g94dc6ad4cf (webtiles) character file.

Game seed: 7786278539235819986

153 senseless the Sneak (level 5, -6/27 HPs)
             Began as a Spriggan Brigand on May 31, 2021.
             Mangled by Grinder (8 damage)
             ... on level 4 of the Dungeon.
             The game lasted 00:09:11 (4097 turns).

senseless the Sneak (Spriggan Brigand)              Turns: 4097, Time: 00:09:12

Health: -6/27      AC:  3    Str:  7    XL:     5   Next: 12%
Magic:  6/6        EV: 18    Int: 13    God:
Gold:   99         SH:  0    Dex: 17    Spells: 4/4 levels left

rFire    . . .     SeeInvis +   m - +2 dagger (holy)
rCold    . . .     Faith    .   (shield restricted)
rNeg     . . .     Spirit   .   b - +0 robe
rPois    .         Reflect  .   (helmet restricted)
rElec    .         Harm     .   c - +0 cloak
rCorr    .         Rampage  .   (gloves unavailable)
Will     .....                  (boots unavailable)
Stlth    ++++......             (no amulet)
HPRegen  0.09/turn              (no ring)
MPRegen  0.10/turn              (no ring)

@: very quick
A: very small, no large weapons, unfitting armour, see invisible, speed 3
a: no special abilities


You were on level 4 of the Dungeon.
You visited 1 branch of the dungeon, and saw 4 of its levels.

You collected 99 gold pieces.

Inventory:

Hand Weapons
 a - a +3 dagger
 m - a +2 dagger of holy wrath (weapon)
Missiles
 d - 8 poisoned darts
 e - 2 curare-tipped darts
 k - 3 boomerangs (quivered)
Armour
 b - a +0 robe (worn)
 c - a +0 cloak (worn)
 h - +0 fire dragon scales
Scrolls
 j - a scroll of teleportation
Potions
 g - a potion of cancellation {unknown}
 i - a potion of mutation {unknown}
 l - a potion of haste {unknown}


   Skills:
 * Level 2.5 Fighting
 + Level 2.8 Short Blades
 * Level 2.9 Throwing
 * Level 3.3 Dodging
 * Level 6.9 Stealth


You had 4 spell levels left.
You didn't know any spells.
Your spell library was empty.

Dungeon Overview and Level Annotations

Branches:
Dungeon (4/15)
 Temple: D:4-7

Altars:

Annotations:
D:3 Sigmund
D:4 Grinder


Innate Abilities, Weirdness & Mutations

You are very small and have problems with some larger weapons.
You are too small for most types of armour.
You have supernaturally acute eyesight. (SInv)
You cover ground extremely quickly. (Speed+++)


Message History

Grinder hits you.
You writhe in agony.
Grinder blinks!
You can move again.
Grinder hits you.
You writhe in agony.
You are too injured to fight recklessly!
You are too injured to fight recklessly!
You are too injured to fight recklessly!
You closely miss Grinder.
Grinder is moderately wounded.
You barely miss Grinder.
Grinder is moderately wounded.
Grinder gestures at you.
You suddenly lose the ability to move!
Grinder hits you.
* * * LOW HITPOINT WARNING * * *
You writhe in agony.
* * * LOW HITPOINT WARNING * * *
Grinder gestures at you. You resist with significant effort.
You can move again.
You feel better. Grinder hits you.
* * * LOW HITPOINT WARNING * * *
You writhe in agony.
* * * LOW HITPOINT WARNING * * *
You closely miss Grinder.
Grinder is moderately wounded.
Grinder barely misses you.
You completely miss Grinder.
Grinder is moderately wounded.
Grinder hits you.
* * * LOW HITPOINT WARNING * * *
You writhe in agony.
* * * LOW HITPOINT WARNING * * *
You hit Grinder.
Grinder convulses.
Grinder is heavily wounded.
Grinder misses you.
You hit Grinder but do no damage.
Grinder is heavily wounded.
Grinder hits you!
You die...

####
#..#
#.5#
#.@#
#..#
#..#
#[<#
#.##
...
#...
##.#
..


You could see Grinder.

Vanquished Creatures
  An orc priest (D:2)
  An orc wizard (D:3)
  2 adders
  A dart slug (D:1)
  5 orcs
  8 ball pythons
  5 bats (D:2)
  5 endoplasms
  3 giant cockroaches
  A goblin (D:1)
  8 hobgoblins
  10 jackals
  4 kobolds
  3 quokkas
  6 frilled lizards
  3 rats
66 creatures vanquished.

Notes
Turn   | Place    | Note
-------+----------+-------------------------------------------
     0 | D:1      | senseless the Spriggan Brigand began the quest for the Orb.
     0 | D:1      | Reached XP level 1. HP: 10/10 MP: 2/2
   171 | D:1      | Reached skill level 6 in Stealth
   176 | D:1      | Reached XP level 2. HP: 15/15 MP: 3/3
  1241 | D:1      | Reached XP level 3. HP: 18/18 MP: 4/4
  1256 | D:1      | Found a faded altar of an unknown god.
  1573 | D:2      | Reached XP level 4. HP: 12/23 MP: 5/5
  3511 | D:3      | Noticed Sigmund
  3545 | D:3      | Reached XP level 5. HP: 11/27 MP: 6/6
  3819 | D:3      | Noticed Grinder
  4083 | D:4      | Paralysed by Grinder for 2 turns
  4090 | D:4      | Paralysed by Grinder for 2 turns
  4097 | D:4      | Mangled by Grinder

Illustrated notes

Levels and vault maps discovered:
D:1:      matt_arrival_refuge, layout_basic, basic_ecumenical_altar
D:2:      minmay_angry_zag, layout_loops_cross, minmay_fountain_box,
          kennysheep_generic_room_3
D:3:      layout_loops_ring, uniq_grinder, uniq_sigmund, uniq_terence
D:4:      layout_basic, nicolae_overflow_hidden_temple,
          nicolae_ashenzari_panopticon, kennysheep_orc_chapel,
          uniq_crazy_yiuf_cottage

Skill      XL: |  1  2  3  4 |
---------------+-------------+-----
Stealth        | 6 |  6.9
Dodging        | 2 3 |  3.3
Fighting       | 2 |  2.5
Short Blades   | |  2.8
Throwing       | |  2.9

Action                   |  1- 3 |  4- 6 || total
-------------------------+-------+-------++-------
Melee: Dagger            |   113 |   196 ||   309
Throw: Dart              |     2 |       ||     2
  Use: Scroll            |     3 |     1 ||     4
       Potion            |       |     1 ||     1
 Stab: Sleeping          |     8 |     4 ||    12
       Distracted        |       |     2 ||     2
Armor: Robe              |    12 |    24 ||    36
Dodge: Dodged            |    70 |   134 ||   204

Table legend: (Time is in decaauts)
 A = Elapsed time spent in this place.
 B = Non-inter-level travel time spent in this place.
 C = Inter-level travel time spent in this place.
 D = Time resting spent in this place.
 E = Time spent auto-exploring this place.
 F = Levels seen in this place.
 G = Mean time per level.
                   A        B        C        D        E       F      G
               +--------+--------+--------+--------+--------+-----+--------+
         Total |   3242 |   3117 |    125 |    772 |   1817 |   4 |  810.5 |
       Dungeon |   3242 |   3117 |    125 |    772 |   1817 |   4 |  810.5 |
               +--------+--------+--------+--------+--------+-----+--------+

Top non-repeatable levels by time:
     D:1: 1295 daAuts
     D:2: 1207 daAuts
     D:4: 418 daAuts
     D:3: 320 daAuts
